 Dungeon Crawl Stone Soup version 0.31.0-1-g2c135a0 (webtiles) character file.

Game seed: 13947331153069065178

37 jagoly the Trooper (level 3, -19/24 HPs)
             Began as a Gargoyle Monk on Jan 27, 2024.
             Engulfed by a cloud of flame (27 damage)
             ... on level 2 of the Dungeon.
             The game lasted 00:02:34 (343 turns).

jagoly the Trooper (Gargoyle Monk)                   Turns: 343, Time: 00:02:35

Health: -19/24     AC:  8    Str: 16    XL:     3   Next: 41%
Magic:  3/3        EV: 11    Int: 10    God:
Gold:   22         SH:  0    Dex: 12    Spells: 2/2 levels left

rFire   . . .        a - +0 hand axe
rCold   . . .        d - orb {light}
rNeg    + . .        i - +0 ring mail
rPois   ∞            (no helmet)
rElec   +            (no cloak)
rCorr   .            (no gloves)
SInv    .            (no boots)
Will    .....        (no amulet)
Stlth   +            (no ring)
HPRegen 0.24/turn    (no ring)
MPRegen 0.08/turn

%: no passive effects
@: glowing
A: sickness immunity, AC +3, negative energy resistance 1, electricity
resistance, torment resistance 1, petrification resistance
a: no special abilities


You were on level 2 of the Dungeon.
You visited 1 branch of the dungeon, and saw 3 of its levels.

You collected 22 gold pieces.

Inventory:

Hand Weapons
 a - a +0 hand axe (weapon)
 b - a +0 flail of venom
Missiles
 j - 6 stones (quivered)
Armour
 d - an orb of light (worn)
 h - a +0 robe
 i - a +0 ring mail (worn)
Scrolls
 f - a scroll of immolation {unknown}
Potions
 c - a potion of ambrosia
 e - a potion of curing {unknown}
 g - a potion of cancellation {unknown}


   Skills:
 + Level 3.7 Fighting
 * Level 3.3 Axes
 + Level 0.2 Armour
 - Level 2.4 Dodging
 + Level 1.5 Stealth


You had 2 spell levels left.
You didn't know any spells.
Your spell library was empty.

Dungeon Overview and Level Annotations

Branches:
Dungeon (3/15) Zot: 17644

Altars:


Innate Abilities, Weirdness & Mutations

You are immune to sickness and miasma.
Your stone body is resilient. (AC +3)
You are immune to poison.
You resist negative energy. (rN+)
You are resistant to electric shocks. (rElec)
You are resistant to unholy torment.
You are immune to petrification.


Message History

Welcome, jagoly the Gargoyle Monk.
A smirking vizier told you that the Orb of Zot is just within this dungeon.
Press ? for a list of commands and other information.
Found a staircase leading out of the dungeon.
Why would you want to do that?
You enter the shallow water.
Moving in this stuff is going to be slow.
Found a sapphire potion.
e - a sapphire potion
Found a scroll labelled UWOMIBASKUKU.
A frilled lizard comes into view.
The frilled lizard hisses angrily.
A frilled lizard is nearby!
There are no items here.
You see here a scroll labelled UWOMIBASKUKU.
f - a scroll labelled UWOMIBASKUKU A frilled lizard is nearby!
The frilled lizard bites you but does no damage.
You hit the frilled lizard.
You kill the frilled lizard!
No target in view!
Found an escape hatch in the floor.
A goblin comes into view. It is wielding a +0 dagger.
The goblin shouts!
The goblin hits you with a +0 dagger.
You slash the goblin!
You kill the goblin!
No target in view!
You see here a +0 dagger.
A kobold comes into view. It is wielding a +0 dagger.
The kobold shouts!
The kobold completely misses you.
You hit the kobold but do no damage. The kobold hits you but does no damage.
You hit the kobold.
You kill the kobold!
No target in view!
No target in view!
Things that are here:
a +0 dagger; a kobold corpse A ball python comes into view.
A ball python is nearby!
You hit the ball python.
The ball python is severely wounded.
The ball python bites you but does no damage.
The ball python closely misses you. The ball python bites you.
The ball python closely misses you.
You barely miss the ball python.
The ball python is severely wounded.
The ball python closely misses you. The ball python grabs you.
The ball python constricts you.
You hit the ball python.
You kill the ball python!
No target in view!
You see here a ball python corpse.
HP restored.
A ball python comes into view.
The ball python hisses angrily.
A ball python is nearby!
You barely miss the ball python.
The ball python bites you but does no damage.
The ball python grabs you. The ball python constricts you.
You hit the ball python.
You kill the ball python!
No target in view!
You see here a ball python corpse.
A ball python comes into view.
The ball python hisses angrily.
A ball python is nearby!
The ball python bites you but does no damage.
The ball python grabs you. The ball python constricts you.
You barely miss the ball python.
A goblin comes into view. It is wielding a +0 dagger.
The ball python bites you but does no damage.
The ball python constricts you.
You closely miss the ball python.
The goblin shouts!
The ball python bites you but does no damage.
The ball python constricts you.
You barely miss the ball python. The ball python bites you.
The ball python constricts you. The ball python closely misses you.
The ball python constricts you.
You hit the ball python.
You kill the ball python!
You barely miss the goblin. The goblin closely misses you.
You completely miss the goblin. The goblin hits you but does no damage.
You hit the goblin.
You kill the goblin!
Your Axes skill increases to level 3!
You have reached level 2!
You see here a +0 dagger.
HP restored.
Found a stone staircase leading down.
There is a stone staircase leading down here.
You climb downwards.
Found a murky inky potion.
There is a stone staircase leading up here.
You climb upwards.
There is a stone staircase leading down here.
You climb downwards.
There is a stone staircase leading up here.
g - a murky inky potion
There is a stone staircase leading up here.
You climb upwards.
There is a stone staircase leading down here.
An endoplasm comes into view.
The endoplasm quivers.
An endoplasm is nearby!
The endoplasm freezes you.
You are frozen.
You hit the endoplasm.
You kill the endoplasm!
No target in view!
No target in view!
Found 16 gold pieces.
A gnoll and a dart slug come into view.
The gnoll is wielding a +0 flail of venom.
Cleave: a) +0 hand axe
Press: ? - help, Dir - move target, f - gnoll
Aim: a gnoll, wielding a +0 flail of venom (haloed, about 18% to evade your +0 hand axe)
You barely miss the gnoll. The gnoll barely misses you.
Cleave: a) +0 hand axe
Press: ? - help, Dir - move target, f/p - gnoll
Aim: a gnoll, wielding a +0 flail of venom (haloed, about 18% to evade your +0 hand axe)
You hit the gnoll but do no damage.
The gnoll hits you with a +0 flail of venom.
The gnoll closely misses you.
Cleave: a) +0 hand axe
Press: ? - help, Dir - move target, f/p - gnoll
Aim: a gnoll, wielding a +0 flail of venom (haloed, about 18% to evade your +0 hand axe)
You hit the gnoll.
The gnoll is lightly wounded.
The gnoll hits you with a +0 flail of venom.
Cleave: a) +0 hand axe
Press: ? - help, Dir - move target, f/p - gnoll
Aim: a gnoll, wielding a +0 flail of venom (lightly wounded, haloed, about 18% to evade your +0 hand axe)
You slash the gnoll!
The gnoll is severely wounded.
The gnoll hits you with a +0 flail of venom.
* * * LOW HITPOINT WARNING * * *
Cleave: a) +0 hand axe
Press: ? - help, Dir - move target, f/p - gnoll
Aim: a gnoll, wielding a +0 flail of venom (severely wounded, haloed, about 18% to evade your +0 hand axe)
You hit the gnoll but do no damage.
The gnoll is severely wounded.
The gnoll barely misses you.
Cleave: a) +0 hand axe
Press: ? - help, Dir - move target, f/p - gnoll
Aim: a gnoll, wielding a +0 flail of venom (severely wounded, haloed, about 18% to evade your +0 hand axe)
You hit the gnoll.
The gnoll is almost dead.
The gnoll misses you.
Cleave: a) +0 hand axe
Press: ? - help, Dir - move target, f/p - gnoll
Aim: a gnoll, wielding a +0 flail of venom (almost dead, haloed, about 18% to evade your +0 hand axe)
You hit the gnoll.
The gnoll is almost dead.
The gnoll misses you.
Cleave: a) +0 hand axe
Press: ? - help, Dir - move target, f/p - gnoll
Aim: a gnoll, wielding a +0 flail of venom (almost dead, haloed, about 18% to evade your +0 hand axe)
You hit the gnoll.
You kill the gnoll!
Your Stealth skill increases to level 1!
Cleave: a) +0 hand axe
Press: ? - help, Dir - move target, f - dart slug
Aim: a dart slug (haloed, about 3% to evade your +0 hand axe)
You hit the dart slug.
The dart slug is moderately wounded.
The dart slug bites you but does no damage.
Cleave: a) +0 hand axe
Press: ? - help, Dir - move target, f/p - dart slug
Aim: a dart slug (moderately wounded, haloed, about 3% to evade your +0 hand axe)
You slash the dart slug!
The dart slug is almost dead.
Cleave: a) +0 hand axe
Press: ? - help, Dir - move target, f/p - dart slug
Aim: a dart slug (almost dead, haloed, about 3% to evade your +0 hand axe)
You hit the dart slug.
You kill the dart slug!
Things that are here:
a +0 flail of venom; a dart slug corpse Your +0 flail of venom begins to drip with poison!
h - a +0 flail of venom (weapon)
Found a dagger.
A frilled lizard comes into view. 2 frilled lizards come into view.
Found a stone staircase leading down.
The frilled lizard hisses angrily.
A frilled lizard comes into view. x2
You see here 16 gold pieces.
You now have 16 gold pieces.
The frilled lizard hisses angrily. x2
A frilled lizard comes into view.
The frilled lizard hisses angrily.
The frilled lizard completely misses you.
The frilled lizard attacks as it pursues you!
The frilled lizard bites you but does no damage.
There is a stone staircase leading down here.
You hit the frilled lizard.
You kill the frilled lizard!
You sock the frilled lizard!
You kill the frilled lizard!
You hit the frilled lizard.
You kill the frilled lizard!
The frilled lizard bites you but does no damage.
You have reached level 3!
Your experience leads to an increase in your attributes!
Increase (S)trength, (I)ntelligence, or (D)exterity?
You feel stronger. x2
You barely miss the frilled lizard.
The frilled lizard completely misses you.
The frilled lizard unfolds its giant frill.
The frilled lizard bites you but does no damage. x2
The frilled lizard barely misses you.
You barely miss the frilled lizard. The frilled lizard bites you.
The frilled lizard barely misses you.
You hit the frilled lizard but do no damage.
The frilled lizard bites you but does no damage.
The frilled lizard barely misses you.
You barely miss the frilled lizard.
The frilled lizard bites you but does no damage.
The frilled lizard bites you.
* * * LOW HITPOINT WARNING * * *
The frilled lizard bites you but does no damage.
The frilled lizard closely misses you.
You are too injured to fight recklessly!
You are too injured to fight recklessly!
Hit: h) +0 flail (venom)
Press: ? - help, Dir - move target, f - frilled lizard
Aim: a frilled lizard (haloed, about 44% to evade your +0 flail of venom)
You sock the frilled lizard!
You kill the frilled lizard!
The frilled lizard misses you.
Hit: h) +0 flail (venom)
Press: ? - help, Dir - move target, f - frilled lizard
Aim: a frilled lizard (haloed, about 44% to evade your +0 flail of venom)
You barely miss the frilled lizard. The frilled lizard bites you.
* * * LOW HITPOINT WARNING * * *
Hit: h) +0 flail (venom)
Press: ? - help, Dir - move target, f/p - frilled lizard
Aim: a frilled lizard (haloed, about 44% to evade your +0 flail of venom)
You hit the frilled lizard.
The frilled lizard is poisoned.
The frilled lizard is heavily wounded.
You kill the frilled lizard!
The frilled lizard bites you.
* * * LOW HITPOINT WARNING * * *
Hit: h) +0 flail (venom)
Press: ? - help, Dir - move target, f - frilled lizard
Aim: a frilled lizard (haloed, about 44% to evade your +0 flail of venom)
You closely miss the frilled lizard.
The frilled lizard bites you but does no damage.
Hit: h) +0 flail (venom)
Press: ? - help, Dir - move target, f/p - frilled lizard
Aim: a frilled lizard (haloed, about 44% to evade your +0 flail of venom)
You thump the frilled lizard!
You kill the frilled lizard!
Okay, then.
Things that are here:
a frilled lizard corpse; a frilled lizard corpse; a frilled lizard corpse Adjust (i)tems, (s)pells, or (a)bilities?
h - a +0 flail of venom (weapon)
Adjust to which letter? (? for menu, Esc to quit)
b - a +0 flail of venom (weapon);
h - a +0 robe (worn)
Your +0 flail of venom stops dripping with poison.
a - a +0 hand axe (weapon)
There is a stone staircase leading down here.
There is a stone staircase leading down here.
You climb downwards.
Found a ring mail.
There is a stone staircase leading up here.
A hobgoblin comes into view.
The hobgoblin shouts!
A hobgoblin is nearby!
Found a club.
You hit the hobgoblin but do no damage.
The hobgoblin hits you but does no damage.
You hit the hobgoblin.
You kill the hobgoblin!
No target in view!
No target in view!
Found 6 stones.
You see here a +0 ring mail.
You start removing your armour.
You continue taking off your +0 robe. x4
You finish taking off your +0 robe.
You start putting on your armour.
You continue putting on your +0 ring mail. x5
You finish putting on your +0 ring mail.
You see here 6 stones.
j - 6 stones
Found 6 gold pieces.
Found an escape hatch in the floor.
Found a stone staircase leading down.
There is a stone staircase leading down here.
You climb downwards.
There is a stone staircase leading up here.
You climb upwards.
There is a stone staircase leading down here.
You now have 22 gold pieces (gained 6).
HP restored.
HP restored.
A ribbon worm comes into view.
The ribbon worm expels a string of sticky webbing.
The stream of webbing misses you. The ribbon worm barely misses you.
You slash the ribbon worm!
The ribbon worm is heavily wounded.
The ribbon worm barely misses you.
You hit the ribbon worm.
The ribbon worm is heavily wounded.
The ribbon worm closely misses you.
You hit the ribbon worm.
The ribbon worm is heavily wounded.
You hit the ribbon worm but do no damage.
The ribbon worm is heavily wounded.
The ribbon worm closely misses you.
You completely miss the ribbon worm.
The ribbon worm is moderately wounded.
The ribbon worm bites you.
You slash the ribbon worm!
The ribbon worm is severely wounded.
The ribbon worm expels a string of sticky webbing.
The stream of webbing hits you but does no damage.
You are caught in a web!
You struggle to detach yourself from the web.
The ribbon worm bites you.
The web tears apart.
The ribbon worm closely misses you.
You hit the ribbon worm.
The ribbon worm is severely wounded.
The ribbon worm closely misses you.
You hit the ribbon worm.
The ribbon worm is severely wounded.
The ribbon worm barely misses you.
You slash the ribbon worm!
You kill the ribbon worm!
No target in view!
No target in view!
A jackal comes into view.
The jackal barks!
You hear a bark! x2
A jackal is nearby!
A jackal comes into view.
A jackal comes into view.
The jackal barks!
You hit the jackal.
You kill the jackal!
The jackal completely misses you.
The jackal bites you but does no damage.
You hit the jackal.
You kill the jackal!
The jackal misses you.
You hit the jackal.
The jackal is heavily wounded.
The jackal closely misses you.
You barely miss the jackal.
The jackal is heavily wounded.
The jackal misses you. The jackal closely misses you.
You hit the jackal.
The jackal is almost dead.
The jackal bites you but does no damage. x2
You hit the jackal but do no damage.
The jackal is almost dead.
The jackal misses you.
You closely miss the jackal.
The jackal is almost dead.
The jackal barely misses you.
The jackal bites you but does no damage.
You hit the jackal.
You kill the jackal!
No target in view!
No target in view!
Things that are here:
a jackal corpse; a jackal corpse HP restored.
There is a stone staircase leading up here.
Found an encrusted ruby ring.
A ribbon worm comes into view.
You see here a ring of poison resistance.
You hit the ribbon worm.
The ribbon worm is lightly wounded.
The ribbon worm expels a string of sticky webbing.
The stream of webbing hits you but does no damage.
You are caught in a web!
You struggle to detach yourself from the web.
The ribbon worm bites you.
The web tears apart.
The ribbon worm bites you.
You hit the ribbon worm.
The ribbon worm is moderately wounded.
The ribbon worm bites you but does no damage.
You slash the ribbon worm!
The ribbon worm is severely wounded.
The ribbon worm bites you.
You slash the ribbon worm!
You kill the ribbon worm!
No target in view!
No target in view!
Found a robe.
Found a mace and a spear.
Found three items.
You are engulfed in blazing flames.
Ouch! That really hurt!
* * * LOW HITPOINT WARNING * * *
A ball python comes into view.
The ball python hisses angrily.
You are engulfed in blazing flames.
Ouch! That really hurt!
You die...

#.# #.# #.#
#.# #.# #.#
#.# #.# #.#
#.# #.# #.#
#.#
######.###.#
#.#
##[.........#
#.#
#...#########
#.# #○☼§# #.#
#§@.# #†#
#§§§# #.#
#...# #.#
§.).). #.#
.§.....§ #.#
..§§.$!.?§.
#.# ##.#
#####..S####
#.# #..#
#§.§# #.#
#.## #.#


You could see a ball python.

Vanquished Creatures
  A gnoll (D:1)
  A dart slug (D:1)
  2 ribbon worms (D:2)
  An endoplasm (D:1)
  2 goblins (D:1)
  A hobgoblin (D:2)
  3 jackals (D:2)
  A kobold (D:1)
  3 ball pythons (D:1)
  7 frilled lizards (D:1)
22 creatures vanquished.

Notes
Turn   | Place    | Note
-------+----------+-------------------------------------------
     0 | D:1      | jagoly the Gargoyle Monk began the quest for the Orb.
     0 | D:1      | Reached XP level 1. HP: 14/14 MP: 1/1
    73 | D:1      | Reached XP level 2. HP: 17/19 MP: 2/2
   136 | D:1      | Reached skill level 1 in Stealth
   153 | D:1      | Reached XP level 3. HP: 15/23 MP: 3/3
   343 | D:2      | Engulfed by a cloud of flame

Illustrated notes

Levels and vault maps discovered:
D:1:      eino_arrival_cavern_b, layout_loops_ring, minmay_lizard_pond
D:2:      layout_loops_ring, lemuel_flame_loot_1, uniq_jessica, uniq_terence,
          uniq_sigmund
D:3:      layout_basic, nrook_loot_triangle, saegor_snake_ambush, uniq_natasha

Skill      XL: |  1  2 |
---------------+-------+-----
Axes           | 3 |  3.3
Stealth        | 1 |  1.5
Fighting       | |  3.7
Armour         | |  0.2
Dodging        | |  2.4

Action                     || total
---------------------------++-------
  Melee: Hand axe          ||    50
         Flail             ||    12
 Armour: Robe              ||    28
         Ring mail         ||    12
  Dodge: Dodged            ||    33
